 Dungeon Crawl Stone Soup version 0.25-a0-310-g60f0ac2d9a (webtiles) character file.

Game seed: 15772212023058713741, levelgen mode: classic

422 Borgoz the Covered (level 6, 0/39 HPs)
             Began as a Gargoyle Fighter on Dec 23, 2019.
             Slain by an ogre
             ... wielding a +0 giant club
              (20 damage)
             ... on level 4 of the Dungeon.
             The game lasted 00:03:17 (2536 turns).

Borgoz the Covered (Gargoyle Fighter)               Turns: 2536, Time: 00:03:18

Health: 0/39       AC: 11    Str: 19    XL:     6   Next: 95%
Magic:  6/6        EV:  8    Int: 14    God:
Gold:   135        SH:  9    Dex: 11    Spells: 5/5 levels left

rFire    + . .     SeeInvis .   a - +0 war axe
rCold    . . .     Gourm    .   c - +0 shield
rNeg     + . .     Faith    .   b - +0 scale mail
rPois    ∞         Spirit   .   (no helmet)
rElec    +         Reflect  .   (no cloak)
rCorr    .         Harm     .   (no gloves)
MR       .....                  (no boots)
Stlth    ..........             (no amulet)
HPRegen  0.13/turn              p - ring of protection from fire
MPRegen  0.10/turn              (no ring)

@: brilliant, slowed, very slow
A: negative energy resistance 1, electricity resistance, unbreathing,
petrification resistance, rot immunity, AC +4
a: no special abilities


You were on level 4 of the Dungeon.
You were not hungry.

You visited 1 branch of the dungeon, and saw 4 of its levels.

You collected 135 gold pieces.

Inventory:

Hand Weapons
 a - a +0 war axe (weapon)
Missiles
 g - 2 throwing nets (quivered)
Armour
 b - a +0 scale mail (worn)
 c - a +0 shield (worn)
Jewellery
 o - a cursed ring of teleportation {unknown}
 p - a ring of protection from fire (left hand)
Scrolls
 e - 2 scrolls of magic mapping {unknown}
 h - a scroll of enchant armour {unknown}
 j - 2 scrolls of fog
 k - a scroll of immolation {unknown}
 l - a scroll of amnesia {unknown}
 n - 2 scrolls of remove curse {unknown}
 s - a scroll of teleportation {unknown}
Potions
 i - a potion of mutation
 m - a potion of heal wounds {unknown}
 r - 2 potions of haste {unknown}
Comestibles
 f - 7 rations


   Skills:
 + Level 4.5 Fighting
 * Level 4.0 Axes
 + Level 4.6 Armour
 * Level 2.8 Dodging
 - Level 3.2 Shields


You had 5 spell levels left.
You didn't know any spells.
Your spell library was empty.

Dungeon Overview and Level Annotations

Branches:
Dungeon (4/15)
 Temple: D:4-7

Altars:
Fedhas
Hepliaklqana
Okawaru
Xom


Innate Abilities, Weirdness & Mutations

You are resistant to torment.
Your stone body is resilient. (AC +4)
You are immune to poison.
You resist negative energy. (rN+)
You are resistant to electric shocks. (rElec)
You can survive without breathing.
You are immune to petrification.
You are immune to rotting.


Message History

The orc wizard hits you but does no damage.
You hit the ogre but do no damage.
The ogre is almost dead.
You barely miss the orc wizard.
You hear the slow rusting of a distant drain.
The ogre barely misses you. You block the orc wizard's attack.
You closely miss the ogre.
The ogre is almost dead.
You barely miss the orc wizard.
The orc wizard hits you but does no damage.
You block the ogre's attack.
Unknown command.
Your shield and scale mail prevent you from hitting the ogre.
The ogre is almost dead.
You miss the orc wizard.
The orc wizard gestures at you while chanting.
You feel yourself slow down.
The ogre hits you with a +0 giant club!!
Ouch! That really hurt!
You die...

...............>
.......
#####..########
.......
#..........
.......
##.#.....#
.......
#..'.....#
.......
#..#.....#
......$
#..#.....#
......O##
#..#....># #[@#
##........#
##o##
#.........# #..#
#.....#####
.<.....#.##
#.....#
.......#..#
###'###
.......##.## #.#
....... #..# #.#
...Z... ##.##
#.# .....## #..#
#.#


You could see an ogre and an orc wizard.

Vanquished Creatures
  Sigmund (D:3)
  An orc wizard (D:3)
  An orc priest (D:3)
  2 worker ants
  5 adders
  An adder zombie (D:4)
  3 worms
  4 dart slugs
  4 leopard geckos
  8 orcs
  4 giant cockroaches
  6 hobgoblins
  5 jackals (D:1)
  11 kobolds
  5 quokkas
  10 bats
  5 frilled lizards
  6 goblins
  9 rats
91 creatures vanquished.

Notes
Turn   | Place    | Note
-------+----------+-------------------------------------------
     0 | D:1      | Borgoz the Gargoyle Fighter began the quest for the Orb.
     0 | D:1      | Reached XP level 1. HP: 14/14 MP: 1/1
   174 | D:1      | Reached XP level 2. HP: 16/19 MP: 2/2
   605 | D:1      | Reached XP level 3. HP: 23/23 MP: 3/3
   898 | D:2      | Found a shimmering altar of Xom.
   899 | D:2      | Found a hazy altar of Hepliaklqana.
   899 | D:2      | Noticed an earth elemental
   900 | D:2      | Noticed an earth elemental
   900 | D:2      | Noticed a spectral ugly thing
  1027 | D:2      | Reached skill level 1 in Dodging
  1033 | D:2      | Reached XP level 4. HP: 27/29 MP: 4/4
  1299 | D:2      | Found an iron altar of Okawaru.
  1332 | D:2      | Found a blossoming altar of Fedhas.
  1491 | D:3      | Noticed Sigmund
  1499 | D:3      | Killed Sigmund
  1499 | D:3      | Reached XP level 5. HP: 34/34 MP: 5/5
  1499 | D:3      | Reached XP level 6. HP: 39/39 MP: 6/6
  2536 | D:4      | Slain by an ogre

Levels and vault maps discovered:
D:1:      psy_arrival_statuary, layout_basic
D:2:      layout_rooms, regret_index_temple_of_mockery, marbit_many_paths,
          okawaru_gym_becter
D:3:      layout_loops_cross, kennysheep_doodads, uniq_sigmund
D:4:      layout_basic, gup_sewer_entry_bubbles, first_ration

Skill      XL: |  1  2  3  4  5  6 |
---------------+-------------------+-----
Axes           | 2 3 4 |  4.0
Dodging        | 1 2 |  2.8
Fighting       | 4 |  4.5
Armour         | 4 |  4.6
Shields        | |  3.2

Action                   |  1- 3 |  4- 6 || total
-------------------------+-------+-------++-------
Melee: War axe           |   114 |   212 ||   326
Throw: Throwing net      |       |     1 ||     1
  Use: Scroll            |       |     3 ||     3
       Potion            |       |     3 ||     3
  Eat: Chunk             |     1 |     5 ||     6
Armor: Scale mail        |    69 |   108 ||   177
Dodge: Dodged            |    47 |    78 ||   125
Block: Shield            |    61 |   118 ||   179

Table legend:
 A = Non-vault XP
 B = Vault XP
 C = Vault XP percentage of total XP
 D = Non-vault monster count
 E = Vault monster count
 F = Vault count percentage of total count
                 A         B        C        D         E       F
            +---------+---------+-------+---------+---------+-------
      Total |     380 |     224 |  37.1 |      89 |       2 |   2.2
            +---------+---------+-------+---------+---------+-------
        D:1 |      44 |       0 |   0.0 |      26 |       0 |   0.0
        D:2 |      77 |       1 |   1.3 |      21 |       1 |   4.5
        D:3 |     217 |     223 |  50.7 |      39 |       1 |   2.5
        D:4 |      42 |       0 |   0.0 |       3 |       0 |   0.0
            +---------+---------+-------+---------+---------+-------
